 Dungeon Crawl Stone Soup version 0.29-a0-322-g68df515428 (webtiles) character file.

Game seed: 14328570203569944462

358 kae the Firebug (level 6, -5/35 HPs)
             Began as a Tengu Fire Elementalist on Apr 7, 2022.
             Slain by an orc
             ... wielding a +0 hand axe
              (7 damage)
             ... on level 3 of the Dungeon.
             The game lasted 00:03:00 (5257 turns).

kae the Firebug (Tengu Fire Elementalist)           Turns: 5257, Time: 00:03:00

Health: -5/35      AC:  2    Str:  9    XL:     6   Next: 64%
Magic:  3/11       EV: 15    Int: 17    God:
Gold:   122        SH:  0    Dex: 14    Spells: 5/11 levels left

rFire   + . .      SeeInvis +   f - +0 short sword
rCold   . . .      Faith    .   (no shield)
rNeg    . . .      Spirit   .   a - +0 robe
rPois   .          Reflect  .   (helmet restricted)
rElec   .          Harm     .   (no cloak)
rCorr   .          Rampage  .   (no gloves)
Will    .....                   (boots unavailable)
Stlth   ++........              (no amulet)
HPRegen 0.11/turn               d - ring of protection from fire
MPRegen 0.12/turn               g - ring of see invisible

@: flying quickly and evasively, quick
A: beak, talons 3, nimble flight
a: no special abilities


You were on level 3 of the Dungeon.
You visited 1 branch of the dungeon, and saw 4 of its levels.

You collected 122 gold pieces.

Inventory:

Hand Weapons
 f - a +0 short sword (weapon)
Armour
 a - a +0 robe (worn)
Jewellery
 d - a ring of protection from fire (left hand)
 g - a ring of see invisible (right hand)
 j - a +6 ring of strength
Scrolls
 c - a scroll of magic mapping
 e - 3 scrolls of teleportation
 i - 2 scrolls of identify
 k - a scroll of summoning
 l - a scroll of holy word {unknown}
 m - a scroll of noise {unknown}
 n - 3 scrolls of fog {unknown}
 o - a scroll of amnesia {unknown}
 q - a scroll of silence {unknown}
Potions
 b - 3 potions of magic
 h - 3 potions of haste {unknown}
 p - 2 potions of mutation {unknown}
 r - a potion of attraction {unknown}
 s - 2 potions of curing {unknown}
 t - a potion of heal wounds {unknown}


   Skills:
 + Level 2.2 Fighting
 + Level 2.4 Armour
 + Level 3.7 Dodging
 - Level 2.0 Stealth
 + Level 3.0 Spellcasting
 + Level 3.6 Conjurations
 + Level 4.4 Fire Magic


You had 5 spell levels left.
You knew the following spells:

 Your Spells              Type           Power      Damage    Failure   Level
a - Foxfire               Conj/Fire      64%        2x1d7     3%          1
b - Scorch                Fire           34%        2d6       4%          2
c - Conjure Flame         Conj/Fire      16%        6-21      10%         3

Your spell library contained the following spells:

 Spells                   Type           Power      Damage    Failure   Level
 Freeze                   Ice            8%         1d3       17%         1
 Sandblast                Erth           4%         2d4       17%         1
 Inner Flame              Hex/Fire       10%        N/A       21%         3
 Blink                    Tloc           4%         N/A       26%         2
 Flame Wave               Conj/Fire      16%        2d6       32%         4
 Frozen Ramparts          Ice            4%         1d2       45%         3
 Lesser Beckoning         Tloc           2%         N/A       45%         3
 Hailstorm                Conj/Ice       8%         3d4       63%         4
 Anguish                  Hex/Necr       1%         N/A       86%         4
 Manifold Assault         Tloc           2%         N/A       99%         5
 Silence                  Hex/Air        1%         N/A       99%         5


Dungeon Overview and Level Annotations

Branches:
Dungeon (4/15)
 Temple: D:4-7

Altars:

Shops:
D:3 [[[


Innate Abilities, Weirdness & Mutations

You have a beak for a mouth.
You have claws for feet.
Your magical nature lets you fly swiftly and evasively.


Message History

You can't see any susceptible monsters within range! (Use Z to cast anyway.)
You start resting.
HP restored.
Magic restored.
You fly downwards.
The orc hits you with a +0 morningstar! The orc hits you but does no damage.
There is a stone staircase leading up, spattered with blood here.
The orc closely misses you. The orc hits you with a +0 hand axe.
The orc priest hits you but does no damage.
You fly upwards.
There is a stone staircase leading down here.
Casting: Scorch (safe; 4% risk of failure)
Confirm with . or Enter, or press ? or * to list all spells.
Flames lash the orc priest.
The orc priest is almost dead.
The orc priest's fire resistance burns away.
The orc hits you with a +0 hand axe. The orc priest closely misses you.
The orc hits you with a +0 morningstar. The orc misses you.
The orc priest barely misses you. The orc misses you.
Casting: Scorch (safe; 4% risk of failure)
Confirm with . or Enter, or press ? or * to list all spells.
Flames lash the orc.
The orc is almost dead.
The orc's fire resistance burns away.
The orc barely misses you.
The orc priest hits you with a +0 short sword.
The orc hits you with a +0 morningstar!
* * * LOW HITPOINT WARNING * * *
The orc misses you. The orc priest barely misses you. The orc misses you.
Casting: Scorch (safe; 4% risk of failure)
Confirm with . or Enter, or press ? or * to list all spells.
Flames lash the orc priest.
The orc priest is burned terribly!
You kill the orc priest!
The orc closely misses you. x2
The orc closely misses you. x2
Casting: Scorch (safe; 4% risk of failure)
Confirm with . or Enter, or press ? or * to list all spells.
Flames lash the orc.
The orc is burned terribly!
You kill the orc!
The orc hits you with a +0 hand axe!
You die...

...........)).........#
#...#...#
.#############...######
#####†### ..........#####..#
#...# #.#..........##..# #...#
#.#..........##..# ####...#
#.#..........##..### #......###
..#....##.#####....# #.....(...
###....##.#####o[#.# #.........
#............)@).#####...(.....
####..........##...............
#..........#....)...........
#..........#.......#........
#.......)..#.#######........
#..........#................
#..........#########........
#..........##....# ####'####
###..............# #.#


You could see an orc.

Vanquished Creatures
  A hound (D:4)
  3 orc priests (D:3)
  3 orc wizards (D:3)
  6 adders
  A dart slug (D:3)
  9 orcs
  8 ball pythons
  7 endoplasms
  5 giant cockroaches
  6 goblins
  6 hobgoblins
  17 jackals
  6 kobolds
  5 quokkas
  8 bats
  5 frilled lizards
  4 rats
100 creatures vanquished.

Vanquished Creatures (others)
  225 foxfires
225 creatures vanquished.

Grand Total: 325 creatures vanquished

Notes
Turn   | Place    | Note
-------+----------+-------------------------------------------
     0 | D:1      | kae the Tengu Fire Elementalist began the quest for the
                  | Orb.
     0 | D:1      | Reached XP level 1. HP: 10/10 MP: 4/4
   141 | D:1      | Reached XP level 2. HP: 9/15 MP: 0/6
   901 | D:1      | Reached skill level 1 in Armour
   921 | D:1      | Reached XP level 3. HP: 20/20 MP: 5/7
   924 | D:1      | Learned a level 2 spell: Scorch
   928 | D:1      | Learned a level 3 spell: Conjure Flame
  1180 | D:1      | You fall into a shaft and drop 1 floor!
  1254 | D:2      | Reached skill level 1 in Fighting
  1452 | D:2      | Reached XP level 4. HP: 25/25 MP: 4/8
  1855 | D:2      | Found a faded altar of an unknown god.
  3071 | D:3      | Gained mutation: Your magical nature lets you fly swiftly
                  | and evasively. [Tengu growth]
  3071 | D:3      | Reached XP level 5. HP: 17/29 MP: 2/9
  3091 | D:2      | Reached skill level 4 in Fire Magic
  3886 | D:3      | Found Idwosystoi's Armour Shop.
  4097 | D:3      | Found Reghifot's Armour Boutique.
  4111 | D:3      | Found Epha's Antique Armour Shoppe.
  4424 | D:3      | Reached XP level 6. HP: 35/35 MP: 2/11
  4899 | D:3      | Identified the +7 hunting sling of the Crafting Shrike
                  | {freeze, Dex+4}
  4958 | D:4      | Noticed an orc warrior
  5044 | D:4      | Got the Incunabulum of Malediction and the Rocks
  5257 | D:3      | Slain by an orc

Illustrated notes

Levels and vault maps discovered:
D:1:      dpeg_arrival_round_c, layout_rooms, minivault_24
D:2:      layout_loops_ring, serial_aquarium, aquarium_bridge_square
          [aquarium_subvault_wall, aquarium_subvault_bridge,
          aquarium_subvault_bridge, aquarium_subvault_bridge],
          aquarium_bridge_square [aquarium_subvault_bridge,
          aquarium_subvault_bridge, aquarium_subvault_wall,
          aquarium_subvault_bridge], aquarium_window_fake, aquarium_window_2,
          aquarium_window_fake, aquarium_view_2d, basic_ecumenical_altar,
          minmay_split_cup_small
D:3:      layout_basic, serial_shops, shop, nicolae_shop_statue_plus, shop
D:4:      layout_cave_pools

Skill      XL: |  1  2  3  4  5  6 |
---------------+-------------------+-----
Armour         | 1 2 |  2.4
Fighting       | 1 2 |  2.2
Conjurations   | 2 3 |  3.6
Dodging        | 3 |  3.7
Fire Magic     | 4 |  4.4
Spellcasting   | 3 |  3.0
Stealth        | |  2.0

Action                   |  1- 3 |  4- 6 || total
-------------------------+-------+-------++-------
Melee: Unarmed           |     2 |       ||     2
       Kick              |     2 |    11 ||    13
       Peck              |     1 |     9 ||    10
       Short sword       |     4 |    53 ||    57
       Punch             |       |     1 ||     1
 Cast: Foxfire           |    69 |    75 ||   144
       Scorch            |       |    33 ||    33
  Use: Scroll            |       |     4 ||     4
Armor: Robe              |    12 |    27 ||    39
Dodge: Dodged            |    22 |   129 ||   151

Table legend: (Time is in decaauts)
 A = Elapsed time spent in this place.
 B = Non-inter-level travel time spent in this place.
 C = Inter-level travel time spent in this place.
 D = Time resting spent in this place.
 E = Time spent auto-exploring this place.
 F = Levels seen in this place.
 G = Mean time per level.
                   A        B        C        D        E       F      G
               +--------+--------+--------+--------+--------+-----+--------+
         Total |   5174 |   5065 |    109 |    617 |   3702 |   4 | 1293.5 |
       Dungeon |   5174 |   5065 |    109 |    617 |   3702 |   4 | 1293.5 |
               +--------+--------+--------+--------+--------+-----+--------+

Top non-repeatable levels by time:
     D:2: 2027 daAuts
     D:3: 1599 daAuts
     D:1: 1387 daAuts
     D:4: 160 daAuts
